 Dungeon Crawl Stone Soup version 0.24.1-14-gf8d2b509d9 (webtiles) character file.

Game seed: 469045493212319891, levelgen mode: deterministic

1545 Bodigarde the Cudgeler (level 8, 0/63 HPs)
             Began as a Mummy Fighter on May 19, 2020.
             Shot with an arrow by a centaur (4 damage)
             ... on level 5 of the Dungeon.
             The game lasted 00:13:11 (5812 turns).

Bodigarde the Cudgeler (Mummy Fighter)              Turns: 5812, Time: 00:13:12

Health: 0/63       AC:  8    Str: 21    XL:     8   Next: 56%
Magic:  8/8        EV:  7    Int:  7    God:
Gold:   180        SH: 10    Dex: 12    Spells: 7/7 levels left

rFire    x . .     SeeInvis .   b - +0 whip (venom)
rCold    + . .     Gourm    .   c - +0 shield
rNeg     + + +     Faith    .   k - +0 scale mail
rPois    ∞         Spirit   .   (no helmet)
rElec    .         Reflect  .   (no cloak)
rCorr    .         Harm     .   (no gloves)
MR       +....                  q - +0 pair of boots
Stlth    ..........             (no amulet)
HPRegen  0.20/turn              (no ring)
MPRegen  0.11/turn              (no ring)

@: no status effects
A: no food or potions, fire vulnerability, cold resistance 1, negative energy
resistance 3, torment resistance, unbreathing
a: no special abilities


You were on level 5 of the Dungeon.
You were not hungry.

You visited 1 branch of the dungeon, and saw 5 of its levels.
You also visited: Sewer.

You collected 180 gold pieces.

Inventory:

Hand Weapons
 a - a +0 flail
 b - a +0 whip of venom (weapon)
Missiles
 d - 245 stones (quivered)
 u - 7 boomerangs
Armour
 c - a +0 shield (worn)
 k - a +0 scale mail (worn)
 q - a +0 pair of boots (worn)
Jewellery
 f - an uncursed ring of magical power {unknown}
 m - an uncursed amulet of faith {unknown}
 n - an uncursed ring of magical power {unknown}
Scrolls
 e - a scroll of blinking
 g - a scroll of enchant armour {unknown}
 h - a scroll of immolation {unknown}
 i - 2 scrolls of identify {unknown}
 j - 3 scrolls of remove curse {unknown}
 l - 4 scrolls of teleportation
 o - 3 scrolls of fog
 p - a scroll of enchant weapon {unknown}
 r - a scroll of fear {unknown}
 s - a scroll of magic mapping {unknown}
 t - 2 scrolls of noise {unknown}


   Skills:
 + Level 5.6 Fighting
 * Level 5.9 Maces & Flails
 + Level 4.7 Armour
 + Level 4.6 Shields


You had 7 spell levels left.
You didn't know any spells.
Your spell library contained the following spells:

 Spells                   Type           Power        Failure   Level  Hunger
 Shock                    Conj/Air       #...         99%         1    N/A
 Swiftness                Chrm/Air       #.......     100%        2    N/A
 Static Discharge         Conj/Air       #.......     100%        3    N/A
 Airstrike                Air            #.........   100%        4    N/A
 Lightning Bolt           Conj/Air       #.........   100%        5    N/A

Dungeon Overview and Level Annotations

Branches:
Dungeon (5/15)              Sewer (visited)
 Temple: D:4-7

Altars:
Uskayaw


Innate Abilities, Weirdness & Mutations

You do not eat or drink.
Your flesh is vulnerable to fire.
You are immune to poison.
Your flesh is cold resistant. (rC+)
You are immune to negative energy. (rN+++)
You are immune to unholy pain and torment.
You can survive without breathing.


Message History

* * * LOW HITPOINT WARNING * * *
Unknown command.
You hit the centaur.
The centaur is heavily wounded.
You block the centaur's attack.
The centaur hits you but does no damage.
You barely miss the centaur.
The centaur is heavily wounded.
You block the centaur's attack.
You barely miss the centaur.
The centaur is heavily wounded.
The centaur hits you.
* * * LOW HITPOINT WARNING * * *
Unknown command.
Sorry, you're not good enough to have a special ability.
The centaur wields a +0 shortbow.
The centaur shoots an arrow.
You block the arrow.
You see here 2 arrows.
The centaur shoots an arrow.
The arrow hits you.
You die...

#.##..# #.###
#.##..#####.###
###.##...........
#...# #######.###
###.###########.###
#...coo............
#.#.######.####.##.
##.#(# ........##.
#..@.# #.#..###....
#....# #.#..# ####.
#....# # #..# #.
##(#.# #..# #.
#.#.# #..# #. #.#.#
.. #.#.# ... #.#..
... .#. #.### ...


You could see a centaur.

Vanquished Creatures
  Pikel (D:5)
  3 slaves (D:5)
  2 ogres
  A phantom (D:4)
  A centaur (D:4)
  2 bullfrogs (Sewer)
  A howler monkey (D:5)
  A crimson imp (D:5)
  A bullfrog skeleton (D:4)
  An orc priest (D:5)
  A hound (D:4)
  2 orc wizards (D:4)
  2 worker ants (D:4)
  An iguana (D:4)
  A hound skeleton (D:5)
  A gnoll (D:4)
  13 adders
  8 river rats (Sewer)
  A shadow imp (D:5)
  An adder skeleton (D:4)
  3 worms
  A dart slug (D:1)
  4 leopard geckos
  7 orcs
  10 bats
  4 giant cockroaches
  5 goblins
  9 hobgoblins
  6 jackals
  A quokka (D:4)
  11 ball pythons
  7 frilled lizards
  9 kobolds
  A quokka skeleton (D:4)
  29 rats
152 creatures vanquished.

Vanquished Creatures (others)
  A slave (D:5)
  A leopard gecko (D:5)
2 creatures vanquished.

Grand Total: 154 creatures vanquished

Notes
Turn   | Place    | Note
-------+----------+-------------------------------------------
     0 | D:1      | Bodigarde the Mummy Fighter began the quest for the Orb.
     0 | D:1      | Reached XP level 1. HP: 18/18 MP: 1/1
   104 | D:1      | Reached XP level 2. HP: 23/24 MP: 2/2
   745 | D:1      | Reached XP level 3. HP: 20/29 MP: 3/3
  1479 | D:2      | Reached XP level 4. HP: 26/35 MP: 4/4
  2431 | D:3      | Found a glowing drain.
  2443 | Sewer    | Entered a sewer
  2525 | Sewer    | Reached XP level 5. HP: 27/41 MP: 5/5
  3262 | Sewer    | Reached XP level 6. HP: 43/48 MP: 6/6
  3688 | D:4      | Reached XP level 7. HP: 39/55 MP: 7/7
  3894 | D:4      | Noticed a +0 hand axe
  3895 | D:4      | Noticed a +0 hand axe
  3898 | D:4      | Found a hide-covered altar of Uskayaw.
  4715 | D:4      | Found a hide-covered altar of Uskayaw.
  5286 | D:5      | Entered Level 5 of the Dungeon
  5304 | D:5      | Reached skill level 5 in Fighting
  5304 | D:5      | Reached skill level 5 in Maces & Flails
  5438 | D:5      | Noticed Pikel
  5484 | D:5      | Killed Pikel
  5484 | D:5      | Reached XP level 8. HP: 29/63 MP: 8/8
  5812 | D:5      | Shot with an arrow by a centaur

Levels and vault maps discovered:
D:1:      minmay_arrival_doors, layout_loops_cross
D:2:      layout_loops_cross
D:3:      layout_rooms, cheibrodos_sewer_entry_bend,
          chequers_serial_rivers_room_a
D:4:      layout_loops_ring, dancing_weapons_uskayaw, wad_rectangle_vault
D:5:      layout_loops_ring, minmay_temple_entry_fiery, first_ration,
          minmay_lizard_king, uniq_pikel

Skill      XL: |  1  2  3  4  5  6  7 |
---------------+----------------------+-----
Maces & Flails | 2 3 4 5 |  5.9
Armour         | 3 4 |  4.7
Shields        | 3 4 |  4.6
Fighting       | 4 5 |  5.6

Action                   |  1- 3 |  4- 6 |  7- 9 || total
-------------------------+-------+-------+-------++-------
Melee: Flail             |   159 |   152 |    28 ||   339
       Whip              |       |   146 |   174 ||   320
Throw: Stone             |     2 |    10 |     4 ||    16
  Use: Scroll            |       |     3 |       ||     3
Armor: Scale mail        |    82 |   139 |    55 ||   276
Dodge: Dodged            |    54 |   105 |    36 ||   195
Block: Shield            |    95 |   162 |    79 ||   336
